Map: Mist Opportunities

Players

raincamp

  • Race: Terran Terran
  • Spawn Location: 6:00

ReFlexZero

  • Race: Terran Terran
  • Spawn Location: 5:00

VOD

Have the link to the VOD?

Description

Time

  • Played on: July 22, 2017, 7 p.m.
  • Length: 30:08
Show
View Real Time Build Order
Export as new Build Order

raincamp Terran 

Build Orders:  

Get SALT Encoding   

  12  0:04  SCV  
  13  0:21  SCV  
  14  0:33  Refinery  
  14  0:38  SCV  
  15  0:43  Refinery  
  15  0:55  SCV  
  16  1:12  SCV  
  17  1:29  SCV  
  18  1:47  Command Center  
  18  1:53  SCV  
  19  2:07  Barracks  
  19  2:12  SCV  
  20  2:29  SCV  
  21  2:46  SCV  
  22  3:16  Elite Marine  
  26  3:28  SCV x2  
  28  3:45  SCV x2  
  28  3:46  Barracks Tech Lab  
  30  4:16  SCV x2  
  32  4:21  Factory  
  32  4:27  Engineering Bay  
  32  4:30  Refinery  
  32  4:32  Refinery  
  32  4:47  SCV  
  33  5:04  SCV  
  34  5:19  SCV  
  35  5:21  SCV  
  36  5:30  Factory Tech Lab  
  36  5:31  Starport  
  36  5:36  SCV  
  36  5:38  SCV  
  38  5:53  SCV  
  38  5:55  SCV  
  40  6:06  Caduceus Reactor  
  40  6:07  Armory  
  38  6:10  Super Stimpack  
  40  6:38  Starport Tech Lab  
  40  6:43  Defensive Drone  
  40  6:51  Ghost Visor  
  40  6:54  Laser Targeting System  
  40  7:26  Raid Artillery  
  40  7:29  Spider Mines  
  40  7:34  Terran Infantry Weapons Level 1  
  40  7:35  Terran Vehicle and Ship Weapons Level 1  
  40  7:36  Operational Efficiency  
  40  7:42  Defensive Drone  
  40  7:56  Smart Servos  
  40  8:14  Raid Liberator  
  46  8:36  Infernal Projectiles  
  46  8:58  Elite Marine  
  46  8:59  Defensive Drone  
  50  9:09  Defensive Drone  
  50  9:37  Defensive Drone  
  50  9:55  Heavy Siege Tank  
  56  10:17  Defensive Drone  
  56  10:52  Defensive Drone  
  56  10:56  Hellbat Rangers  
  56  10:57  Hellbat Rangers  
  64  11:36  Heavy Siege Tank  
  70  12:23  Defensive Drone  
  70  13:10  Defensive Drone  
  70  13:14  Elite Marine  
  70  13:19  Raid Liberator  
  80  14:12  Terran Vehicle and Ship Weapons Level 2, Terran Infantry Weapons Level 2  
  80  14:15  SCV  
  81  15:41  Defensive Drone  
  80  16:02  Railgun Turret  
  80  16:09  Griffin Airstrike  
  80  16:18  Defensive Drone  
  80  16:20  Hellbat Rangers  
  80  16:21  Strike Goliath  
  80  16:23  Heavy Siege Tank  
  94  17:20  Defensive Drone  
  94  17:33  Raid Liberator  
  97  18:11  Defensive Drone  
  97  18:16  Griffin Airstrike  
  97  18:57  Griffin Airstrike  
  97  18:59  Instant Regeneration  
  97  19:31  Defensive Drone  
  96  19:44  Railgun Turret  
  96  19:51  Griffin Airstrike  
  96  20:04  Defensive Drone  
  96  20:25  Defensive Drone  
  96  21:07  Defensive Drone  
  94  21:40  Terran Infantry Weapons Level 3  
  94  21:41  Terran Vehicle and Ship Weapons Level 3  
  94  21:56  Heavy Siege Tank  
  100  22:25  Railgun Turret  
  100  24:38  Railgun Turret  
  100  25:07  Missile Turret  
  100  25:20  Terran Infantry Armor Level 1  
  100  25:21  Terran Vehicle And Ship Armor Level 1  
  100  25:36  Missile Turret  
  100  26:04  Missile Turret  
  100  26:05  Defensive Drone  
  100  26:33  Missile Turret  
  100  27:43  Defensive Drone  
  100  28:14  Defensive Drone  
Show
View Real Time Build Order
Export as new Build Order

ReFlexZero Terran 

Build Orders:  

Get SALT Encoding   

Tags
 
Add a new tag
Caveats
  • Supply blocks, unpowered buildings, or Contaminate may cause inaccurate times.
  • Supply counts are checked every 10 seconds.